 Dungeon Crawl Stone Soup version 0.25-a0-290-g4a1327e (webtiles) character file.

Game seed: 7004733474429468305, levelgen mode: deterministic

79 MrTaco21 the Shield-Bearer (level 4, -2/29 HPs)
             Began as a Gargoyle Fighter on Dec 14, 2019.
             Killed from afar by a white imp (9 damage)
             ... with a puff of frost
             ... summoned by Natasha
             ... on level 3 of the Dungeon.
             The game lasted 00:05:33 (1887 turns).

MrTaco21 the Shield-Bearer (Gargoyle Fighter)       Turns: 1887, Time: 00:05:34

Health: -2/29      AC: 10    Str: 21    XL:     4   Next: 38%
Magic:  4/4        EV:  7    Int:  8    God:
Gold:   147        SH:  9    Dex:  9    Spells: 3/3 levels left

rFire    . . .     SeeInvis .   a - +0 flail
rCold    . . .     Gourm    .   c - +0 shield
rNeg     + . .     Faith    .   b - +0 scale mail
rPois    ∞         Spirit   .   (no helmet)
rElec    +         Reflect  .   (no cloak)
rCorr    .         Harm     .   (no gloves)
MR       .....                  (no boots)
Stlth    ..........             (no amulet)
HPRegen  0.09/turn              (no ring)
MPRegen  0.09/turn              (no ring)

@: no status effects
A: negative energy resistance 1, electricity resistance, unbreathing,
petrification resistance, rot immunity, AC +3
a: no special abilities


You were on level 3 of the Dungeon.
You were not hungry.

You visited 1 branch of the dungeon, and saw 3 of its levels.

You collected 147 gold pieces.

Inventory:

Hand Weapons
 a - a +0 flail (weapon)
Armour
 b - a +0 scale mail (worn)
 c - a +0 shield (worn)
Jewellery
 h - a cursed ring of attention {unknown}
   (You found it on level 1 of the Dungeon)
Scrolls
 g - a scroll of random uselessness {unknown}
 i - 2 scrolls of amnesia {unknown}
 j - 3 scrolls of blinking {unknown}
 l - a scroll of remove curse {unknown}
 m - a scroll of fog {unknown}
 n - a scroll of identify {unknown}
Potions
 d - a potion of might
 f - 3 potions of invisibility {unknown}
 o - a potion of flight {unknown}
 p - a potion of lignification {unknown}
Comestibles
 e - 4 rations {!d}
 k - 4 chunks of flesh


   Skills:
 + Level 3.9 Fighting
 + Level 2.7 Maces & Flails
 + Level 4.0 Armour
 + Level 4.0 Shields


You had 3 spell levels left.
You didn't know any spells.
Your spell library was empty.

Dungeon Overview and Level Annotations

Branches:
Dungeon (3/15)

Altars:
Dithmenos
Fedhas
Hepliaklqana

Annotations:
D:3 Natasha


Innate Abilities, Weirdness & Mutations

You are resistant to torment.
Your stone body is resilient. (AC +3)
You are immune to poison.
You resist negative energy. (rN+)
You are resistant to electric shocks. (rElec)
You can survive without breathing.
You are immune to petrification.
You are immune to rotting.


Message History

a +0 club; a hobgoblin skeleton
Found a ration.
e - 3 rations {!d} (gained 1)
Things that are here:
a +0 club; a hobgoblin skeleton
Found a stone staircase leading down.
Eating one of 5 chunks of flesh.
You eat one of the 5 chunks of flesh.
You open the door.
There is an open door here.
Done exploring.
Done exploring.
Search for what [Enter for "."]? .
Done exploring.
There is a stone staircase leading down here.
You climb downwards.
Found a stone staircase leading down.
There is a stone staircase leading up here.
There is a stone staircase leading down here.
Found a ration.
e - 4 rations {!d} (gained 1) Natasha, Servant of Life and Death comes into view.
Natasha hisses angrily.
Natasha casts a spell at you.
The magic dart hits you but does no damage.
Natasha howls an incantation.
Natasha's front paws start to glow.
Natasha casts a spell.
You block Natasha's attack.
You hit Natasha. Natasha claws you.
The white imp hits you but does no damage.
You block Natasha's attack.
You closely miss Natasha. The white imp gestures at you.
The puff of frost hits you. Natasha claws you but does no damage.
You barely miss Natasha.
The white imp hits you but does no damage.
You block Natasha's attack. You block the white imp's attack.
You closely miss Natasha. Natasha claws you but does no damage.
You block the white imp's attack. Natasha claws you.
You closely miss Natasha. The white imp gestures at you.
The puff of frost hits you!
* * * LOW HITPOINT WARNING * * *
Natasha casts a spell at you. You resist with some effort.
The white imp hits you but does no damage.
Natasha barely misses you. The white imp gestures at you.
The puff of frost hits you!
You die...

##.## #.# ...# #.#
#..# #.# #..# ##.## #
####..#####...#.#
#...........><..#
#.##..#####...#......
#.##..# ##.........
#.##.@# ##########
#..####.##..#####
........h5........
...........#######
##.##.......#
#........# #........#
###...##.# #...# .#


You could see Natasha and a white imp.

Vanquished Creatures
  2 adders (D:2)
  An ooze (D:1)
  A worm (D:2)
  A leopard gecko (D:2)
  2 ball pythons (D:1)
  4 bats
  2 giant cockroaches (D:1)
  2 goblins (D:1)
  7 hobgoblins
  9 jackals
  A quokka (D:2)
  5 frilled lizards
  7 kobolds
  8 rats
  2 fungi (D:1)
54 creatures vanquished.

Vanquished Creatures (others)
  3 toadstools (D:1)
3 creatures vanquished.

Grand Total: 57 creatures vanquished

Notes
Turn   | Place    | Note
-------+----------+-------------------------------------------
     0 | D:1      | MrTaco21 the Gargoyle Fighter began the quest for the Orb.
     0 | D:1      | Reached XP level 1. HP: 14/14 MP: 1/1
    87 | D:1      | Reached XP level 2. HP: 18/19 MP: 2/2
   596 | D:1      | Reached XP level 3. HP: 23/23 MP: 3/3
  1080 | D:2      | Found a blossoming altar of Fedhas.
  1300 | D:2      | Reached XP level 4. HP: 25/29 MP: 4/4
  1508 | D:2      | Found a shadowy altar of Dithmenos.
  1624 | D:2      | Found a hazy altar of Hepliaklqana.
  1875 | D:3      | Noticed Natasha
  1887 | D:3      | Killed from afar by a white imp

Levels and vault maps discovered:
D:1:      dpeg_arrival_tiny_k, layout_basic, nrook_mini_vaults,
          kennysheep_another_room, minmay_gold_behind_fungi
D:2:      layout_basic, lemuel_round_altar, marbit_many_paths, first_ration,
          grunt_ministairs_10, fedhas_altar_3
D:3:      layout_loops_ring, gammafunk_ghost_mausoleum, minmay_pentangle,
          uniq_natasha

Skill      XL: |  1  2  3  4 |
---------------+-------------+-----
Shields        | 4 |  4.0
Armour         | 4 |  4.0
Fighting       | |  3.9
Maces & Flails | |  2.7

Action                   |  1- 3 |  4- 6 || total
-------------------------+-------+-------++-------
Melee: Flail             |   188 |    52 ||   240
  Eat: Chunk             |     2 |     2 ||     4
Armor: Scale mail        |   120 |    27 ||   147
Dodge: Dodged            |    59 |    17 ||    76
Block: Shield            |   113 |    21 ||   134

Table legend:
 A = Non-vault XP
 B = Vault XP
 C = Vault XP percentage of total XP
 D = Non-vault monster count
 E = Vault monster count
 F = Vault count percentage of total count
                 A         B        C        D         E       F
            +---------+---------+-------+---------+---------+-------
      Total |     110 |       4 |   3.5 |      49 |       3 |   5.8
            +---------+---------+-------+---------+---------+-------
        D:1 |      50 |       0 |   0.0 |      28 |       0 |   0.0
        D:2 |      60 |       4 |   6.2 |      21 |       3 |  12.5
            +---------+---------+-------+---------+---------+-------
